AoeStats
← Toxic

Fortress

510163214Analyzed
4v4 RM · 3d ago on Sep 29, 2026· 21m 41s· 8 players
Game mode
Random Map
Map size
Huge
Population
200
Speed
Normal
Resources
Standard
Victory
Conquest
Starting age
Dark Age
Ending age
Imperial Age
RankedLock teamsTeams togetherTeam positionsShared explorationLock speedFull tech treeHidden civsTurbo modeCheats
Victory
Defeat
🇺🇸 Ethiopians · United States
842
+16
🇱🇧 Turks · Lebanon
838
+16
🇱🇧 Varangians · Lebanon
820
+17
🇱🇧 Saracens · Lebanon
795
+18
🇬🇧 Teutons · United Kingdom
875
-27
🇦🇷 Cumans · Argentina
865
-17
🇧🇷 Britons · Brazil
828
-16
🇬🇧 Saxons · United Kingdom
814
-16
DopeyCrown67
7:16 Feudal Age
14:34 Castle Age
12:28 Stone Mining
12:22 Horse Collar
12:29 Double-Bit Axe
13:45 Padded Archer Armor
14:36 Gold Mining
14:50 Loom
14:51 Town Watch
16:01 Bow Saw
18:15 Gold Shaft Mining
20:09 Wheelbarrow
20:38 Fortified Wall
22:05 Masonry
***Lancelot***
2:06 Loom
11:27 Feudal Age
17:26 Castle Age
15:43 Double-Bit Axe
15:52 Horse Collar
EL CARDINAL
1:51 Loom
9:44 Feudal Age
10:36 Horse Collar
10:43 Double-Bit Axe
10:52 Stone Mining
10:53 Gold Mining
14:11 Wheelbarrow
19:58 Castle Age
19:07 Fletching
19:18 Padded Archer Armor
21:19 Hand Cart
21:07 Heavy Plow
21:45 Gold Shaft Mining
21:23 Bow Saw
22:10 Leather Archer Armor
21:51 Bodkin Arrow
Wanted Wolf
7:56 Loom
9:41 Feudal Age
12:12 Double-Bit Axe
14:51 Castle Age
13:18 Horse Collar
14:45 Gold Mining
16:17 Wheelbarrow
19:42 Forging
19:38 Scale Barding Armor
20:39 Bow Saw
20:31 Heavy Plow
22:25 Hand Cart
Jack
9:31 Feudal Age
12:51 Loom
16:28 Castle Age
15:03 Gold Mining
15:03 Stone Mining
15:29 Forging
15:19 Scale Mail Armor
15:13 Fletching
15:25 Padded Archer Armor
15:31 Scale Barding Armor
15:15 Double-Bit Axe
17:24 Pikeman
18:04 Squires
20:24 Bow Saw
19:58 Horse Collar
Gingeskhan
5:34 Loom
8:40 Feudal Age
11:32 Double-Bit Axe
11:50 Gold Mining
14:38 Castle Age
13:24 Horse Collar
16:04 Bow Saw
17:03 Wheelbarrow
16:57 Bow Saw
19:18 Scale Mail Armor
20:26 Forging
21:09 Chain Mail Armor
21:18 Chain Mail Armor
[̲̅2̲̅D̲̅]
Toxic
2:37 Loom
7:51 Feudal Age
13:15 Castle Age
10:56 Man-at-Arms
12:50 Scale Mail Armor
16:23 Long Swordsman
Connection lost

Rejoining the realm…

Still unreachable

The connection could not be restored.

Session expired

The server has moved on; the page needs a fresh start.